 Dungeon Crawl Stone Soup version 0.24.0-125-gc4c63601f3 (webtiles) character file.

Game seed: 11967480540847346752, levelgen mode: deterministic

146 Mehrunes the Grave Robber (level 5, 0/38 HPs)
             Began as a Human Necromancer on Mar 6, 2020.
             Hit by a boomerang thrown by an orc (4 damage)
             ... on level 4 of the Dungeon.
             The game lasted 00:21:57 (5217 turns).

Mehrunes the Grave Robber (Human Necromancer)       Turns: 5217, Time: 00:21:58

Health: 0/38       AC:  6    Str:  5    XL:     5   Next: 53%
Magic:  0/8        EV: 12    Int: 15    God:
Gold:   242        SH:  0    Dex: 14    Spells: 3/8 levels left

rFire    . . .     SeeInvis .   f - +0 dagger
rCold    . . .     Gourm    .   (no shield)
rNeg     . . .     Faith    .   h - +0 leather armour
rPois    .         Spirit   .   (no helmet)
rElec    .         Reflect  .   (no cloak)
rCorr    .         Harm     .   w - +2 pair of gloves
MR       .....                  (no boots)
Stlth    ++........             (no amulet)
HPRegen  0.12/turn              g - -2 ring of slaying (curse)
MPRegen  0.11/turn              k - -4 ring of strength (curse)

@: no status effects
A: no striking features
a: no special abilities


You were on level 4 of the Dungeon.
You were not hungry.

You visited 2 branches of the dungeon, and saw 5 of its levels.

You collected 242 gold pieces.

Inventory:

Hand Weapons
 f - a +0 dagger (weapon)
 n - a +0 hunting sling
 q - a +0 spear
Missiles
 j - 28 poisoned darts
 l - 41 stones
 p - 5 curare-tipped darts
 u - 7 javelins (quivered)
Armour
 a - a +0 robe
 h - a +0 leather armour (worn)
 i - a +0 large shield
 w - a +2 pair of gloves (worn)
 z - a +0 ring mail
Jewellery
 b - an uncursed ring of wizardry
 g - a cursed -2 ring of slaying (left hand)
 k - a cursed -4 ring of strength (right hand)
Wands
 x - a wand of scattershot (5)
Scrolls
 y - a scroll of enchant weapon
Potions
 d - a potion of agility
 e - a potion of curing
 m - a potion of mutation {unknown}
 o - a potion of magic {unknown}
 r - 2 potions of heal wounds {unknown}
 s - 2 potions of resistance {unknown}
 t - a potion of haste {unknown}
 v - a potion of ambrosia {unknown}
Comestibles
 c - 6 rations


   Skills:
 + Level 2.3 Fighting
 + Level 3.2 Dodging
 - Level 2.0 Stealth
 - Level 2.0 Spellcasting
 * Level 5.1 Necromancy
 + Level 0.3 Evocations


You had 3 spell levels left.
You knew the following spells:

 Your Spells              Type           Power        Failure   Level  Hunger
a - Pain                  Necr           ###.         4%          1    #......
b - Animate Skeleton      Necr           N/A          4%          1    #......
c - Vampiric Draining     Necr           ###.......   13%         3    ###....

Your spell library contained the following spells:

 Spells                   Type           Power        Failure   Level  Hunger
 Regeneration             Chrm/Necr      #.........   36%         3    ###....
 Animate Dead             Necr           N/A          41%         4    #####..


Dungeon Overview and Level Annotations

Branches:
Dungeon (4/15)             Temple (1/1) D:4

Altars:
Ashenzari
Cheibriados
Dithmenos
Elyvilon
Fedhas
Gozag
Hepliaklqana
Makhleb
Nemelex Xobeh
Qazlal
Ru
Sif Muna
Uskayaw
Vehumet
Wu Jian
Xom
Yredelemnul
Zin
The Shining One

Shops:
D:4 =

Annotations:
D:4 Sigmund


Message History

The orc writhes in agony.
The orc closely misses you.
Casting: Pain (safe; 4% risk of failure)
Confirm with . or Enter, or press ? or * to list all spells.
Aiming: Pain (safe; 4% risk of failure)
Press: ? - help, Shift-Dir - straight line, f/p - orc
Aim: an orc, wielding a +0 hand axe and wearing a +0 leather armour (almost dead, chance to defeat MR: 87%)
The orc barely resists.
The orc hits you with a +0 hand axe.
* * * LOW HITPOINT WARNING * * *
The orc throws a boomerang.
The boomerang hits you but does no damage.
You feel a little less agile now.
Casting: Pain (safe; 4% risk of failure)
Confirm with . or Enter, or press ? or * to list all spells.
Aiming: Pain (safe; 4% risk of failure)
Press: ? - help, Shift-Dir - straight line, f/p - orc
Aim: an orc, wielding a +0 hand axe and wearing a +0 leather armour (almost dead, chance to defeat MR: 87%)
The orc writhes in agony.
You kill the orc!
The orc throws a boomerang.
The boomerang hits you.
You die...

#.###
#...#
###.# #.#
#.# # #.#
.########
#.#
oo..gg†.#
#.#
##.####.#
#@#
##.###.#
#)#
##.##.#
#.#
##.##g#)#
#.#
........#
#o#
####.##o#
#g#
##.#g###
#.##
#...$#
#..#
##.#.#
##.#


You could see an orc and a goblin.

Vanquished Creatures
  Robin (D:4)
  5 adders
  An ooze (D:3)
  3 dart slugs
  3 leopard geckos
  9 orcs
  3 giant cockroaches (D:2)
  11 goblins
  7 hobgoblins
  6 kobolds
  3 ball pythons
  5 bats
  7 frilled lizards
  3 rats
67 creatures vanquished.

Vanquished Creatures (collateral kills)
  A bat (D:1)
  A rat (D:1)
2 creatures vanquished.

Grand Total: 69 creatures vanquished

Notes
Turn   | Place    | Note
-------+----------+-------------------------------------------
     0 | D:1      | Mehrunes the Human Necromancer began the quest for the Orb.
     0 | D:1      | Reached XP level 1. HP: 13/13 MP: 3/3
   285 | D:1      | Learned a level 1 spell: Animate Skeleton
   469 | D:1      | Reached XP level 2. HP: 18/20 MP: 0/5
   689 | D:1      | Reached skill level 1 in Fighting
  1192 | D:1      | Reached XP level 3. HP: 25/26 MP: 4/6
  1316 | D:1      | Learned a level 3 spell: Vampiric Draining
  1788 | D:2      | Found a shimmering blue altar of Sif Muna.
  2522 | D:2      | Reached XP level 4. HP: 32/33 MP: 4/7
  3715 | D:3      | Reached XP level 5. HP: 35/38 MP: 3/8
  4162 | D:3      | Reached skill level 5 in Necromancy
  4453 | D:3      | Found a hazy altar of Hepliaklqana.
  4458 | D:3      | Found a white marble altar of Elyvilon.
  4465 | D:3      | Found a shattered altar of Ashenzari.
  4475 | D:3      | Found a radiant altar of Vehumet.
  4482 | D:3      | Found a glowing golden altar of the Shining One.
  4731 | D:4      | Noticed Sigmund
  4731 | D:4      | Noticed an ogre
  4789 | D:4      | Found a staircase to the Ecumenical Temple.
  4797 | Temple   | Entered the Ecumenical Temple
  5052 | D:4      | Found Huacoulud's Jewellery Emporium.
  5114 | D:4      | Noticed Robin
  5166 | D:4      | Killed Robin
  5217 | D:4      | Hit by a boomerang thrown by an orc

Levels and vault maps discovered:
D:1:      wander_arrival_lonely_grave, layout_loops_ring, serial_bayou_crossing
D:2:      layout_loops_cross, nicolae_overflow_hidden_temple, first_ration
D:3:      layout_loops_ring, minmay_overflow_temple_star_hex
D:4:      layout_loops_ring, minmay_temple_entry_mist, minmay_misc_feat_encased,
          minmay_shop_enchanted_jewellery, uniq_robin, uniq_sigmund
Temple:   nicolae_temple_figure_eight

Skill      XL: |  1  2  3  4  5 |
---------------+----------------+-----
Fighting       | 1 2 |  2.3
Dodging        | 3 |  3.2
Necromancy     | 5 |  5.1
Stealth        | |  2.0
Spellcasting   | |  2.0
Evocations     | |  0.3

Action                   |  1- 3 |  4- 6 || total
-------------------------+-------+-------++-------
Melee: Dagger            |    14 |    33 ||    47
Throw: Dart              |     5 |       ||     5
       Javelin           |       |     2 ||     2
 Cast: Pain              |    67 |    75 ||   142
       Animate Skeleton  |     8 |    11 ||    19
  Use: Scroll            |       |     3 ||     3
       Potion            |       |     3 ||     3
  Eat: Chunk             |     6 |     8 ||    14
       Ration            |       |     1 ||     1
Armor: Leather armour    |     8 |    24 ||    32
Dodge: Dodged            |    24 |    74 ||    98
